 Dungeon Sprint DCSS version 0.23-a0-814-g91b4073 (webtiles) character file.

52 Lanoc the Slasher (level 3, -5/46 HPs)
             Began as a Demonspawn Berserker on Jan 21, 2019.
             Was an Elder of Trog.
             Slain by a hornet (10 damage)
             ... while paralysed by a hornet
             ... in the Dungeon (Sprint IX: "|||||||||||||||||||||||||||||").
             The game lasted 00:01:15 (259 turns).

Lanoc the Slasher (Demonspawn Berserker)             Turns: 259, Time: 00:01:16

Health: -5/46      AC: 12    Str: 26    XL:     3   Next: 60%
Magic:  3/3        EV:  2    Int:  8    God:    Trog [****..]
Gold:   0          SH:  0    Dex: 12    Spells: 2/2 levels left

rFire    . . .     SeeInvis .   n - +3 war axe "Affiuh" {pain, rElec rN+++ Dex-3 Stlth+}
rCold    . . .     Gourm    .   (no shield)
rNeg     + + +     Faith    .   q - +1 chain mail
rPois    .         Spirit   .   (helmet restricted)
rElec    +         Reflect  .   o - +0 cloak
rCorr    .         Harm     .   p - +0 pair of gloves
MR       ++...     NoTele   +   (no boots)
Stlth    ..........             (no amulet)
HPRegen  1.15/turn              r - +3 ring of strength
MPRegen  0.08/turn              s - +3 ring of dexterity

@: paralysed, berserking, lethally poisoned (-5 -> -9), regenerating, slowed
A: horns 1, rot immunity
a: Berserk, Trog's Hand, Brothers in Arms, Renounce Religion


You were in the Dungeon.
You worshipped Trog.
Trog was greatly pleased with you.
You were not hungry.

You visited 1 branch

Inventory:

Hand Weapons
 n - the +3 war axe "Affiuh" (weapon) {pain, rElec rN+++ Dex-3 Stlth+}
   (You found it in the Dungeon)

   In the hands of one skilled in necromantic magic, it inflicts extra damage on
   living creatures.
   It affects your dexterity (-3).
   It insulates you from electricity.
   It renders you almost immune to negative energy.
   It makes you more stealthy.
Armour
 o - a +0 cloak (worn)
 p - a +0 pair of gloves (worn)
 q - a +1 chain mail (worn)
Jewellery
 r - a +3 ring of strength (left hand)
 s - a +3 ring of dexterity (right hand)
Wands
 m - a wand of iceblast (10)
Scrolls
 i - 2 scrolls of blinking
 l - 3 scrolls of remove curse
Potions
 d - 5 potions of curing
 e - 3 potions of heal wounds
 f - a potion of haste
 g - 4 potions of magic
 h - a potion of berserk rage
 k - a potion of invisibility
Comestibles
 c - a ration
 j - 5 chunks of flesh


   Skills:
 + Level 4.4 Fighting
   Level 4.8 Long Blades
 + Level 3.4 Armour
 + Level 3.3 Dodging


You had 2 spell levels left.
You didn't know any spells.
Your spell library was empty.

Dungeon Overview and Level Annotations

Branches:
Dungeon (1/1)

Altars:
Cheibriados
Dithmenos
Elyvilon
Fedhas
Gozag
Hepliaklqana
Kikubaaqudgha
Makhleb
Nemelex Xobeh
Okawaru
Qazlal
Ru
Sif Muna
Trog
Uskayaw
Vehumet
Wu Jian
Xom
Yredelemnul
Zin
The Shining One
Beogh
Jiyva
Lugonu


Innate Abilities, Weirdness & Mutations

You have a pair of small horns on your head.
You are immune to rotting.


Message History

The hornet stings you.
You are more poisoned.
You feel as though you will be slow longer.
A red film seems to cover your vision as you go berserk!
You feel yourself moving faster!
You feel mighty!
You feel a lot more hungry.
You feel sick. The hornet closely misses you. The hornet stings you.
You are more poisoned.
You feel as though you will be slow longer.
You closely miss the hornet.
You feel very sick. The hornet stings you.
* * * LOW HITPOINT WARNING * * *
You feel as though you will be slow longer.
The howler monkey hoots and howls with incredible vigour!
The hornet stings you.
* * * LOW HITPOINT WARNING * * *
You suddenly lose the ability to move!
* * * LOW HITPOINT WARNING * * *
You feel sick. The hornet stings you!
You die...

▓.▓
▓?▓
▓|▓
▓)▓
▓.▓
▓.▓
▓.▓
▓.▓
▓@▓
▓y▓
▓h▓
▓r▓
▓o▓
▓.▓
▓.▓
▓.▓


You could see a hornet, a howler monkey, an orc and a quokka.

Vanquished Creatures
  A jelly (D)
  A shadow imp (D)
  A leopard gecko (D)
  2 orcs (D)
  2 bats (D)
  A bat skeleton (D)
  A hobgoblin (D)
  A jackal (D)
  2 goblins (D)
12 creatures vanquished.

Notes
Turn   | Place    | Note
-------+----------+-------------------------------------------
     0 | D        | Lanoc the Demonspawn Berserker began the quest for the Orb.
     0 | D        | Reached XP level 1. HP: 18/18 MP: 1/1
    12 | D        | Reached ** piety under Trog
   148 | D        | Noticed a jelly
   155 | D        | Killed a jelly
   155 | D        | Reached *** piety under Trog
   155 | D        | Gained mutation: You have a pair of small horns on your
                  | head. [demonic ancestry]
   155 | D        | Reached XP level 2. HP: 25/25 MP: 2/2
   155 | D        | Gained mutation: You are immune to rotting. [demonic
                  | ancestry]
   155 | D        | Reached XP level 3. HP: 30/30 MP: 3/3
   169 | D        | Found a roughly hewn altar of Beogh.
   169 | D        | Found a snail-covered altar of Cheibriados.
   169 | D        | Found a shadowy altar of Dithmenos.
   169 | D        | Found a white marble altar of Elyvilon.
   169 | D        | Found a blossoming altar of Fedhas.
   169 | D        | Found an opulent altar of Gozag.
   170 | D        | Found a hazy altar of Hepliaklqana.
   171 | D        | Found a viscous altar of Jiyva.
   172 | D        | Found an ancient bone altar of Kikubaaqudgha.
   173 | D        | Found a corrupted altar of Lugonu.
   174 | D        | Found a burning altar of Makhleb.
   175 | D        | Found a sparkling altar of Nemelex Xobeh.
   176 | D        | Found an iron altar of Okawaru.
   177 | D        | Found a stormy altar of Qazlal.
   178 | D        | Found a sacrificial altar of Ru.
   179 | D        | Found a deep blue altar of Sif Muna.
   180 | D        | Found a bloodstained altar of Trog.
   181 | D        | Found a hide-covered altar of Uskayaw.
   182 | D        | Found a radiant altar of Vehumet.
   183 | D        | Found an ornate altar of the Wu Jian Council.
   184 | D        | Found a shimmering altar of Xom.
   185 | D        | Found a basalt altar of Yredelemnul.
   186 | D        | Found a glowing silver altar of Zin.
   187 | D        | Found a glowing golden altar of the Shining One.
   208 | D        | Got the +3 war axe "Affiuh" {pain, rElec rN+++ Dex-3
                  | Stlth+}
   250 | D        | Noticed a hornet
   253 | D        | Reached **** piety under Trog
   258 | D        | Paralysed by a hornet for 2 turns
   259 | D        | Slain by a hornet

Vault maps used:
D:        linesprint

Skill      XL: |  1 |
---------------+----+-----
Long Blades    | 4 |  4.8
Armour         | 3 |  3.4
Dodging        | 3 |  3.3
Fighting       | 4 |  4.4

Action                   || total
-------------------------++-------
Melee: Falchion          ||    28
       War axe           ||     6
Invok: Berserk           ||     2
       Trog's Hand       ||     1
Armor: Animal skin       ||     8
       Chain mail        ||     3
Dodge: Dodged            ||    25
       Rpst.: Falchion   ||     7

Table legend:
 A = Non-vault XP
 B = Vault XP
 C = Vault XP percentage of total XP
 D = Non-vault monster count
 E = Vault monster count
 F = Vault count percentage of total count
                 A         B        C        D         E       F
            +---------+---------+-------+---------+---------+-------
      Total |       0 |      75 | 100.0 |       0 |      12 | 100.0
            +---------+---------+-------+---------+---------+-------
          D |       0 |      75 | 100.0 |       0 |      12 | 100.0
            +---------+---------+-------+---------+---------+-------
